 Dungeon Crawl Stone Soup version 0.18.1-48-g4cf74bf (webtiles) character file.

126 Lennu the Firebug (level 4, -1/36 HPs)
             Began as a Draconian Fire Elementalist on June 30, 2016.
             Slain by Sigmund
             ... wielding a +6 scythe of flaming
              (16 damage)
             ... on level 2 of the Dungeon.
             The game lasted 00:07:44 (1836 turns).

Lennu the Firebug (Draconian Fire Elementalist)     Turns: 1836, Time: 00:07:44

Health: -1/36      AC:  5    Str: 10    XL:     4   Next: 83%
Magic:  5/7        EV:  7    Int: 16    God:
Gold:   51         SH:  0    Dex: 12    Spells: 1 memorised, 6 levels left

rFire  . . .     SeeInvis .     c - +0 spear
rCold  . . .     Gourm    .     (armour unavailable)
rNeg   . . .     Faith    .     (no shield)
rPois  .         Spirit   .     (helmet restricted)
rElec  .         Dismiss  .     (no cloak)
rCorr  .         Reflect  .     (no gloves)
SustAt .         Harm     .     (no boots)
MR     .....                    (no amulet)
Stlth  ++........               (no ring)
                                (no ring)

@: not resistant to hostile enchantments, unstealthy
A: unfitting armour, cold-blooded, AC +5
a: no special abilities


You were on level 2 of the Dungeon.
You were not hungry.

You visited 1 branch of the dungeon, and saw 2 of its levels.

You collected 51 gold pieces.

Inventory:

Hand Weapons
 c - a +0 spear (weapon)
Scrolls
 d - 3 scrolls of remove curse {unknown}
 e - a scroll of enchant weapon {unknown}
 f - 2 scrolls of magic mapping {unknown}
 g - a scroll of fear {unknown}
 h - a scroll of immolation {unknown}
 i - a scroll of teleportation {unknown}
 k - a scroll of recharging {unknown}
Books
 a - a book of Flames

   Spells                             Type                      Level
   a - Flame Tongue                   Conjuration/Fire             1
   b - Throw Flame                    Conjuration/Fire             2
   c - Conjure Flame                  Conjuration/Fire             3
   d - Inner Flame                    Hexes/Fire                   3
   e - Sticky Flame                   Conjuration/Fire             4
   f - Fireball                       Conjuration/Fire             5
Comestibles
 j - 3 beef jerkies
 l - a bread ration


   Skills:
 * Level 1.6 Fighting
 * Level 1.3 Polearms
 * Level 2.1 Dodging
 - Level 1.7 Stealth
 + Level 2.4 Spellcasting
 + Level 1.2 Conjurations
 * Level 4.4 Fire Magic


You had 6 spell levels left.
You knew the following spells:

 Your Spells              Type           Power        Failure   Level  Hunger
a - Flame Tongue          Conj/Fire      ##...        10%         1    #......


Dungeon Overview and Level Annotations

Branches:
Dungeon (2/15)

Altars:
Xom

Annotations:
D:2 Sigmund


Innate Abilities, Weirdness & Mutations

Your plain brown scales are hard (AC +5).
Your body does not fit into most forms of armour.
You are cold-blooded and may be slowed by cold attacks.


Message History

Casting: Flame Tongue
Confirm with . or Enter, or press ? or * to list all spells.
Aiming: Flame Tongue
Press: ? - help, Shift-Dir - straight line, f - Sigmund
Aim: Sigmund, wielding a scythe of flaming, wearing a robe and carrying a wand of flame {zapped: 6} The flame tongue hits Sigmund.
Sigmund appears unharmed.
Sigmund hits you from afar with a scythe of flaming!
Sigmund burns you.
There is a stone staircase leading up, spattered with blood here.
Casting: Flame Tongue
Confirm with . or Enter, or press ? or * to list all spells.
Aiming: Flame Tongue
Press: ? - help, Shift-Dir - straight line, f/p - Sigmund
Aim: Sigmund, wielding a scythe of flaming, wearing a robe and carrying a wand of flame {zapped: 6} The flame tongue hits Sigmund.
Sigmund is lightly wounded.
You can't go down here!
Sigmund's eyes start glowing with a red light.
Sigmund hits you from afar with a scythe of flaming!
You die...

####...#........#..# #.....#
#.. #...#####..#.#..#
####### #.. #...# #..#.#..#
##. #...# #..#.#..#
#########.
.###.####.......## #..
<..##. #. #.............#
#.####.##. #.
##.#####.#.@...####.#.......
.. .. #.#.............#.###
###.####.#.@...####.####.#
##...........##.# #.####.#
...........###.#♣###......#
#.##.#####.##^≈.≈≈##%######
# #.#♣≈.#...#.#
#.#≈≈..._.#.# #....≈_.....#
###♣_##.♣.### #.._..#.#


You could see Sigmund.

Vanquished Creatures
  Natasha (thrice) (D:2)
  A gnoll (D:1)
  An adder (D:2)
  2 dart slugs (D:1)
  A giant gecko (D:1)
  5 bats
  3 goblins (D:1)
  3 hobgoblins (D:1)
  5 kobolds
  5 giant newts
  4 rats (D:1)
33 creatures vanquished.

Notes
Turn   | Place    | Note
--------------------------------------------------------------
     0 | D:1      | Lennu the Draconian Fire Elementalist began the quest for the Orb.
     0 | D:1      | Reached XP level 1. HP: 14/14 MP: 3/3
    29 | D:1      | Reached XP level 2. HP: 11/20 MP: 0/5
   396 | D:1      | Reached XP level 3. HP: 23/27 MP: 2/6
   882 | D:2      | Noticed Natasha
   884 | D:2      | Found a shimmering altar of Xom.
   890 | D:2      | Killed Natasha
   890 | D:2      | Reached skill level 1 in Polearms
   890 | D:2      | Reached skill level 4 in Fire Magic
   896 | D:2      | Noticed Natasha
   951 | D:2      | Killed Natasha
   951 | D:2      | Reached XP level 4. HP: 34/34 MP: 4/7
   971 | D:2      | Found a shimmering altar of Xom.
   971 | D:2      | Found a shimmering altar of Xom.
   971 | D:2      | Found a shimmering altar of Xom.
   973 | D:2      | Found a shimmering altar of Xom.
  1021 | D:2      | Noticed Natasha
  1029 | D:2      | Killed Natasha
  1029 | D:2      | Reached skill level 1 in Fighting
  1246 | D:2      | Noticed Sigmund
  1836 | D:2      | Slain by Sigmund

Skill      XL: |  1  2  3  4 |
---------------+-------------+-----
Dodging        | 2 |  2.1
Polearms       | 1 |  1.3
Fire Magic     | 4 |  4.4
Fighting       | 1 |  1.6
Stealth        | |  1.7
Spellcasting   | |  2.4
Conjurations   | |  1.2

Action                   |  1- 3 |  4- 6 || total
-------------------------+-------+-------++-------
Melee: Spear             |    31 |     8 ||    39
       Tailslap          |     2 |       ||     2
 Cast: Flame Tongue      |    30 |    24 ||    54
 Stab: Sleeping          |     1 |       ||     1
  Eat: Bread ration      |     1 |       ||     1
Armor: Skin              |    11 |     3 ||    14
Dodge: Dodged            |    10 |     9 ||    19
